 Dungeon Crawl Stone Soup version 0.31-a0-18-gea43df2a32 (webtiles) character file.

Game seed: 14105231538038672092

551 BlueFish the Conjurer (level 7, -13/60 HPs)
             Began as a White Draconian Conjurer on May 11, 2023.
             Was an Initiate of Vehumet.
             Mangled by a tentacled starspawn (33 damage)
             ... on level 1 of the Abyss.
             The game lasted 00:09:20 (5037 turns).

BlueFish the Conjurer (White Draconian Conjurer)    Turns: 5037, Time: 00:09:21

Health: -13/60     AC:  7    Str:  9    XL:     7   Next: 7%
Magic:  20/20      EV: 12    Int: 21    God:    Vehumet [......]
Gold:   203        SH:  0    Dex:  9    Spells: 4/12 levels left

rFire   . . .        d - +0 rapier (venom)
rCold   + . .        (no shield)
rNeg    . . .        (body armour unavailable)
rPois   .            (helmet restricted)
rElec   .            o - +0 cloak
rCorr   .            (no gloves)
SInv    .            (no boots)
Will    .....        (no amulet)
Stlth   ++           r - ring of magical power
HPRegen 0.30/turn    (no ring)
MPRegen 0.17/turn

%: no passive effects
@: no status effects
A: breathe frost, AC +6, unfitting armour, cold resistance 1, cold-blooded
a: Breathe Frost, Renounce Religion


You were on level 1 of the Abyss.
You worshipped Vehumet.
Vehumet was noncommittal.
You visited 2 branches of the dungeon, and saw 5 of its levels.
You visited the Abyss 1 time.

You collected 203 gold pieces.

Inventory:

Hand Weapons
 b - a +0 short sword
 d - a +0 rapier of venom (weapon)
Armour
 o - a +0 cloak (worn)
Jewellery
 r - a ring of magical power (left hand)
Wands
 s - a wand of digging (4)
Scrolls
 c - a scroll of enchant armour {unknown}
 e - a scroll of fog {unknown}
 f - a scroll of identify {unknown}
 g - a scroll of silence {unknown}
 h - 3 scrolls of noise {unknown}
 i - a scroll of butterflies {unknown}
 k - a scroll of teleportation {unknown}
 l - a scroll of poison {unknown}
 p - a scroll of brand weapon
 q - a scroll of amnesia {unknown}
Potions
 a - 2 potions of magic
 j - 2 potions of heal wounds {unknown}
 m - a potion of flight {unknown}
 n - a potion of might {unknown}
 t - a potion of ambrosia {unknown}


   Skills:
 * Level 4.5 Fighting
 + Level 3.1 Dodging
 + Level 3.5 Stealth
 + Level 3.2 Spellcasting
 + Level 5.0 Conjurations
 * Level 0.0 Ice Magic


You had 4 spell levels left.
You knew the following spells:

 Your Spells              Type           Power      Damage    Failure   Level
a - Magic Dart            Conj           96%        1d7       1%          1
b - Searing Ray           Conj           48%        2d6       2%          2
c - Dazzling Flash        Conj/Hex       28%        N/A       14%         3
d - Ensorcelled Hibernat  Hex/Ice        6%         N/A       19%         2

Your spell library contained the following spells:

 Spells                   Type           Power      Damage    Failure   Level
 Spider Form              Tmut/Pois      3%         N/A       36%         3
 Volatile Blastmotes      Fire/Tloc      6%         2d10      36%         3
 Fulminant Prism          Conj/Hex       7%         3d7       41%         4
 Iskenderun's Mystic Bla  Conj/Tloc      14%        2d5       41%         4
 Anguish                  Hex/Necr       1%         N/A       78%         4
 Starburst                Conj/Fire      7%         6d4       100%        6


Dungeon Overview and Level Annotations

Branches:
Dungeon (4/15)             Temple (1/1) D:4

Altars:
Cheibriados
Dithmenos
Elyvilon
Fedhas
Gozag
Okawaru
Ru
Trog
Uskayaw
Vehumet
Wu Jian
Yredelemnul
Zin
The Shining One

Annotations:
D:4 Edmund


Innate Abilities, Weirdness & Mutations

You can breathe waves of freezing cold which knock back foes.
Your icy white scales are hard. (AC +6)
You cannot fit into any form of body armour.
Your flesh is cold resistant. (rC+)
You are cold-blooded and may be slowed by cold attacks.


Message History

Confirm with . or Enter, or press ? or * to list all spells.
Aiming: Searing Ray (safe; 2% risk of failure)
Press: ? - help, Shift-Dir - straight line, f/p - Edmund
Aim: Edmund, wielding a +1 flail of distortion and wearing a +0 scale mail (lightly wounded, 82% to hit)
The searing ray hits Edmund.
Edmund is lightly wounded. (Press . to maintain the ray.)
The searing ray hits Edmund.
Edmund is moderately wounded.
Edmund closely misses you.
The searing ray hits Edmund but does no damage.
Edmund is moderately wounded.
Edmund hits you with a +1 flail of distortion!
You are cast into the Abyss!
This branch contains the abyssal rune of Zot.
You start resting.
Magic restored.
You start resting.
HP restored.
A starcursed mass splits.
A starcursed mass splits.
A chorus of shrieks assaults your mind.
A starcursed mass splits.
A tentacled starspawn comes into view.
A chorus of shrieks assaults your mind.
A starcursed mass splits.
Tentacles burst from the starspawn's body! 2 starspawn tentacles come into view.
The tentacled starspawn attacks as you move away!
The tentacled starspawn bites you!!
Ouch! That really hurt!
The tentacled starspawn misses you.
Okay, then.
As you read the scroll labelled MICRED OXOPTOCI, it crumbles to dust.
It is a scroll of brand weapon.
Your +0 rapier drips with poison.
d - a +0 rapier of venom (weapon)
The tentacled starspawn bites you!!
Ouch! That really hurt!
You die...

.. #. #. ..# ..
.. .# #.##.. #..
#..#. # #.. ##...
.# .#...#.#.#..#
#.......@..#
..#..#X####
#.##.#.# ..#..#
...#.#..###
##.##..##..###
#.......#...# ##
#.#..##.#..###..#
. ####.#.#......#


You could see a tentacled starspawn.

Vanquished Creatures
  Duvessa (D:4)
  A black bear (D:2)
  An ogre (D:4)
  A scorpion (D:4)
  Dowan (D:4)
  A sleepcap (D:4)
  Robin (D:3)
  2 adders
  3 worms
  3 dart slugs
  8 endoplasms
  6 giant cockroaches
  11 goblins
  5 hobgoblins
  12 jackals
  4 quokkas
  5 ball pythons
  8 bats
  3 frilled lizards
  13 kobolds
  10 rats
100 creatures vanquished.

Vanquished Creatures (others)
  2 starspawn tentacles (Abyss:1)
2 creatures vanquished.

Grand Total: 102 creatures vanquished

Notes
Turn   | Place    | Note
-------+----------+-------------------------------------------
     0 | D:1      | BlueFish the Draconian Conjurer began the quest for the
                  | Orb.
     0 | D:1      | Reached XP level 1. HP: 14/14 MP: 3/3
    31 | D:1      | Noticed a black bear
    31 | D:1      | Noticed a rime drake
    31 | D:1      | Noticed a snapping turtle
   226 | D:1      | Reached skill level 1 in Fighting
   226 | D:1      | Reached XP level 2. HP: 23/23 MP: 0/5
   229 | D:1      | Learned a level 2 spell: Searing Ray
   846 | D:1      | Reached XP level 3. HP: 28/28 MP: 4/6
  1983 | D:2      | Noticed a black bear
  1990 | D:2      | Killed a black bear
  1991 | D:2      | Reached XP level 4. HP: 35/37 MP: 1/7
  1991 | D:2      | Reached XP level 5. HP: 42/44 MP: 1/8
  1995 | D:2      | Learned a level 3 spell: Dazzling Flash
  2655 | D:3      | Noticed Robin
  2670 | D:3      | Killed Robin
  3301 | D:3      | Found an ornate altar of the Wu Jian Council.
  3301 | D:3      | Found a glowing golden altar of the Shining One.
  3972 | D:4      | Noticed an ogre
  3977 | D:4      | Noticed Dowan
  3983 | D:4      | Noticed Duvessa
  3986 | D:4      | Killed an ogre
  3987 | D:4      | Reached XP level 6. HP: 52/52 MP: 4/10
  4129 | D:4      | Found a sacrificial altar of Ru.
  4525 | D:4      | Killed Duvessa
  4526 | D:4      | Reached skill level 5 in Conjurations
  4540 | D:4      | Killed Dowan
  4541 | D:4      | Your scales start taking on an icy white colour.
  4541 | D:4      | Reached XP level 7. HP: 21/60 MP: 2/11
  4541 | D:4      | Gained mutation: Your flesh is cold resistant. (rC+) [White
                  | Draconian growth]
  4545 | D:4      | Learned a level 2 spell: Ensorcelled Hibernation
  4727 | D:4      | Found a staircase to the Ecumenical Temple.
  4743 | Temple   | Entered the Ecumenical Temple
  4761 | Temple   | Became a worshipper of Vehumet
  4816 | D:4      | Found an opulent altar of Gozag.
  4925 | D:4      | Noticed Edmund
  4931 | Abyss:1  | Cast into level 1 of the Abyss (Edmund)
  5014 | Abyss:1  | Noticed a starcursed mass
  5026 | Abyss:1  | Noticed a tentacled starspawn
  5037 | Abyss:1  | Mangled by a tentacled starspawn

Illustrated notes

Levels and vault maps discovered:
D:1:      onia_arrival_zoo_common, layout_loops_ring, st_stairs_8
D:2:      layout_basic, minmay_pentomino_w4
D:3:      layout_basic, gammafunk_temple_overflow_pools, patterned_corridor,
          uniq_robin
D:4:      layout_basic, kennysheep_mini_moat, nicolae_ru_sacrificial_ziggurat,
          minmay_temple_entry_statues_fountains, serial_shops,
          nicolae_shop_drivethru, uniq_edmund, uniq_duvessa
Temple:   chequers_temple_sunken
Abyss:1:  base: Temple, guppyfry_abyss_exit_glass_guarded,
          hangedman_abyss_exit_choices, minivault_24

Skill      XL: |  1  2  3  4  5  6 |
---------------+-------------------+-----
Fighting       | 1 2 3 4 |  4.5
Stealth        | 2 3 |  3.5
Dodging        | 2 3 |  3.1
Spellcasting   | 3 |  3.2
Conjurations   | 5 |  5.0

Action                     |  1- 3 |  4- 6 |  7- 9 || total
---------------------------+-------+-------+-------++-------
  Melee: Unarmed           |     7 |       |       ||     7
         Short sword       |     4 |       |       ||     4
         Tailslap          |     5 |     5 |       ||    10
         Rapier            |    22 |    52 |     1 ||    75
         Punch             |       |       |     1 ||     1
   Cast: Magic Dart        |    69 |    61 |     4 ||   134
         Searing Ray       |     4 |    15 |     2 ||    21
    Use: Scroll            |       |       |     1 ||     1
 Armour: Skin              |    12 |    22 |       ||    34
  Dodge: Dodged            |    28 |    49 |     2 ||    79

Table legend: (Time is in decaauts)
 A = Elapsed time spent in this place.
 B = Non-inter-level travel time spent in this place.
 C = Inter-level travel time spent in this place.
 D = Time resting spent in this place.
 E = Time spent auto-exploring this place.
 F = Levels seen in this place.
 G = Mean time per level.
                   A        B        C        D        E       F      G
               +--------+--------+--------+--------+--------+-----+--------+
         Total |   5057 |   4953 |    104 |    169 |   4057 |   6 |  842.8 |
       Dungeon |   4911 |   4826 |     85 |    113 |   4057 |   4 | 1227.8 |
        Temple |     40 |     22 |     18 |      0 |      0 |   1 |   40.0 |
         Abyss |    105 |    105 |      0 |     56 |      0 |   1 |  105.0 |
               +--------+--------+--------+--------+--------+-----+--------+

Top non-repeatable levels by time:
     D:3: 1587 daAuts
     D:1: 1276 daAuts
     D:2: 1242 daAuts
     D:4: 805 daAuts
 Abyss:1: 105 daAuts
  Temple: 40 daAuts
